 Dungeon Crawl Stone Soup version 0.24-a0-441-g27f0392e16 (webtiles) character file.

Game seed: 16842029945095599322

770 Azzok the Covered (level 8, -7/58 HPs)
             Began as a Formicid Fighter on June 20, 2019.
             Was an Initiate of Okawaru.
             Mangled by an orc warrior
             ... wielding a +0 long sword
              (9 damage)
             ... on level 5 of the Dungeon.
             The game lasted 00:07:56 (5172 turns).

Azzok the Covered (Formicid Fighter)                Turns: 5172, Time: 00:07:57

Health: -7/58      AC: 10    Str: 23    XL:     8   Next: 9%
Magic:  8/8        EV:  8    Int:  8    God:    Okawaru [......]
Gold:   272        SH:  8    Dex: 10    Spells: 7/7 levels left

rFire    . . .     SeeInvis +   a - +0 war axe
rCold    . . .     Gourm    .   j - +2 buckler
rNeg     . . .     Faith    .   o - +0 chain mail (curse)
rPois    .         Spirit   .   (helmet unavailable)
rElec    .         Reflect  +   (no cloak)
rCorr    +         Harm     .   (no gloves)
MR       .....                  (no boots)
Stlth    ..........             l - +2 amulet of reflection
HPRegen  0.19/turn              m - ring of resist corrosion
MPRegen  0.11/turn              (no ring)

@: no status effects
A: permanent stasis, dig shafts and tunnels, four strong arms, antennae 3
a: Dig, Shaft Self, Renounce Religion


You were on level 5 of the Dungeon.
You worshipped Okawaru.
Okawaru was noncommittal.
You were not hungry.

You visited 2 branches of the dungeon, and saw 7 of its levels.

You collected 340 gold pieces.
You spent 68 gold pieces at shops.

Inventory:

Hand Weapons
 a - a +0 war axe (weapon)
 n - a +4 dagger
Missiles
 g - 3 throwing nets (quivered)
Armour
 c - a +1 plate armour
 j - a +2 buckler (worn)
 o - a cursed +0 chain mail (worn)
Jewellery
 l - a +2 amulet of reflection (around neck)
 m - a ring of resist corrosion (left hand)
Scrolls
 s - a scroll of enchant armour
Potions
 b - a potion of berserk rage {unknown}
 d - 2 potions of might
 e - 2 potions of magic {unknown}
 h - 2 potions of flight {unknown}
 i - 4 potions of heal wounds
 k - 4 potions of curing
 p - 2 potions of mutation {!q}
 q - 2 potions of agility
Comestibles
 f - 9 rations


   Skills:
 - Level 3.2 Fighting
 + Level 6.2 Axes
 - Level 7.1 Armour
 - Level 4.0 Shields
 + Level 0.2 Invocations


You had 7 spell levels left.
You didn't know any spells.
Your spell library contained the following spells:

 Spells                   Type           Power        Failure   Level  Hunger
 Corona                   Hex            #......      96%         1    ##.....
 Slow                     Hex            #.......     99%         2    ###....
 Inner Flame              Hex/Fire       #.......     100%        3    ####...
 Portal Projectile        Hex/Tloc       #.....       100%        3    ####...
 Cause Fear               Hex            #.........   100%        4    #####..
 Leda's Liquefaction      Hex/Erth       #.........   100%        4    #####..


Dungeon Overview and Level Annotations

Branches:
Dungeon (6/15)             Temple (1/1) D:6

Altars:
Cheibriados
Dithmenos
Hepliaklqana
Makhleb
Nemelex Xobeh
Okawaru
Uskayaw
Wu Jian
Zin
The Shining One

Shops:
D:5 (   D:6 *[


Innate Abilities, Weirdness & Mutations

You cannot be hasted, slowed, berserked, paralysed or teleported.
You can dig through walls and to a lower floor.
Your four strong arms can wield two-handed weapons with a shield.
You have a pair of large antennae on your head. (SInv)


Message History

The orc warrior is moderately wounded.
The orc warrior hits you with a +0 long sword.
You barely miss the orc warrior.
The orc warrior is moderately wounded.
The orc warrior closely misses you.
You hit the orc warrior.
The orc warrior is heavily wounded.
The orc warrior closely misses you.
You closely miss the orc warrior.
The orc warrior is heavily wounded.
The orc warrior hits you with a +0 long sword!!
You eat one of the 10 rations.
That ration really hit the spot!
You slash the orc warrior!
The orc warrior is almost dead.
The orc warrior hits you with a +0 long sword!!
* * * LOW HITPOINT WARNING * * *
You hit the orc warrior.
The orc warrior is almost dead.
The orc warrior hits you with a +0 long sword!
You die...

▒▒▒▒▒▒▒▒▒ ▒········
▒▒▒▒▒▒▒▒ ▒·▒▒·▒▒▒▒
▒······▒ ▒·▒···▒▒
▒·▒▒▒▒·▒ ▒······▒
▒·▒
▒▒·▒▒▒▒▒▒▒·▒···▒▒
▒·▒
▒@o······>·▒▒·▒▒
▒·▒▒▒··▒▒▒▒▒▒▒▒▒▒·▒
▒······▒ ▒·▒
▒▒▒▒▒·▒▒ ▒▒'▒▒ ▒·▒
▒▒···▒▒ ▒·▒▒▒▒
▒▒·····▒▒ ▒····▒
▒▒·······▒
▒▒···▒▒▒▒·········
▒·······'·········


You could see an orc warrior.

Vanquished Creatures
  An ice beast (D:5)
  A bullfrog (D:6)
  Blork the orc (D:4)
  A crimson imp (D:5)
  A bullfrog zombie (D:6)
  3 orc wizards
  A jelly (D:5)
  4 hounds
  8 gnolls
  5 adders
  2 oozes
  2 worms (D:2)
  A dart slug (D:4)
  3 leopard geckos
  12 orcs
  10 bats
  7 giant cockroaches
  7 goblins
  7 hobgoblins
  4 jackals (D:2)
  5 kobolds
  2 quokkas
  5 frilled lizards
  11 rats
104 creatures vanquished.

Notes
Turn   | Place    | Note
-------+----------+-------------------------------------------
     0 | D:1      | Azzok the Formicid Fighter began the quest for the Orb.
     0 | D:1      | Reached XP level 1. HP: 18/18 MP: 1/1
   113 | D:1      | Reached XP level 2. HP: 24/24 MP: 2/2
   824 | D:1      | Reached XP level 3. HP: 29/29 MP: 3/3
  1388 | D:2      | Reached XP level 4. HP: 29/35 MP: 4/4
  1457 | D:2      | Reached skill level 4 in Armour
  1800 | D:2      | Reached XP level 5. HP: 20/41 MP: 5/5
  2519 | D:3      | Reached skill level 5 in Armour
  2535 | D:3      | Reached XP level 6. HP: 23/47 MP: 6/6
  3275 | D:4      | Noticed Blork the orc
  3287 | D:4      | Killed Blork the orc
  3287 | D:4      | Reached skill level 5 in Axes
  3413 | D:4      | Reached XP level 7. HP: 49/52 MP: 7/7
  3762 | D:5      | Entered Level 5 of the Dungeon
  3768 | D:5      | Reached skill level 6 in Armour
  4610 | D:5      | Found Heduifys's Antique Weapon Boutique.
  4758 | D:6      | Reached skill level 7 in Armour
  4758 | D:6      | Reached XP level 8. HP: 56/58 MP: 8/8
  4775 | D:6      | Found a sparkling altar of Nemelex Xobeh.
  4809 | D:6      | Found a hide-covered altar of Uskayaw.
  4809 | D:6      | Noticed a +0 dagger
  4809 | D:6      | Noticed a +0 dagger
  4836 | D:6      | Found a staircase to the Ecumenical Temple.
  4878 | Temple   | Entered the Ecumenical Temple
  4897 | Temple   | Became a worshipper of Warmaster Okawaru
  4928 | D:6      | Found a shadowy altar of Dithmenos.
  5059 | D:6      | Found Xanaude's Armour Boutique.
  5066 | D:6      | Found Ukliyshrulu's Assorted Antiques.
  5074 | D:6      | Bought a scroll of identify for 68 gold pieces
  5171 | D:5      | HP: 1/58 [orc warrior/+0 long sword (20)]
  5172 | D:5      | Mangled by an orc warrior

Levels and vault maps discovered:
D:1:      elethiomel_arrival_quiet, layout_basic
D:2:      layout_loops_ring, first_ration
D:3:      layout_rooms
D:4:      layout_loops_ring, chequers_serial_rivers_room_a,
          kennysheep_generic_room_11, uniq_blork_the_orc
D:5:      layout_loops_corners, serial_shops, nicolae_shop_overgrown_old_shop
D:6:      layout_basic, dancing_weapons_uskayaw, kennysheep_mini,
          temple_fountains, serial_shops, shop, shop,
          nemelex_xobeh_ov_fountains_minmay
Temple:   eino_temple_rhombus

Skill      XL: |  1  2  3  4  5  6  7 |
---------------+----------------------+-----
Shields        | 4 |  4.0
Axes           | 3 4 5 6 |  6.2
Armour         | 4 5 7 |  7.1
Fighting       | |  3.2
Invocations    | |  0.2

Action                   |  1- 3 |  4- 6 |  7- 9 || total
-------------------------+-------+-------+-------++-------
Melee: War axe           |   126 |   162 |   115 ||   403
  Use: Scroll            |     3 |     4 |     6 ||    13
  Eat: Chunk             |     2 |     6 |     5 ||    13
       Ration            |       |       |     1 ||     1
Armor: Scale mail        |    63 |    38 |       ||   101
       Chain mail        |       |    11 |    57 ||    68
Dodge: Dodged            |    52 |    68 |    38 ||   158
Block: Shield            |    14 |       |       ||    14
       Buckler           |    52 |    77 |    54 ||   183
       Reflection        |       |     1 |       ||     1

Table legend:
 A = Non-vault XP
 B = Vault XP
 C = Vault XP percentage of total XP
 D = Non-vault monster count
 E = Vault monster count
 F = Vault count percentage of total count
                 A         B        C        D         E       F
            +---------+---------+-------+---------+---------+-------
      Total |    1006 |      94 |   8.5 |     103 |       1 |   1.0
            +---------+---------+-------+---------+---------+-------
        D:1 |      30 |       0 |   0.0 |      20 |       0 |   0.0
        D:2 |     118 |       0 |   0.0 |      30 |       0 |   0.0
        D:3 |     127 |       0 |   0.0 |      22 |       0 |   0.0
        D:4 |     151 |      94 |  38.4 |      11 |       1 |   8.3
        D:5 |     420 |       0 |   0.0 |      16 |       0 |   0.0
        D:6 |     160 |       0 |   0.0 |       4 |       0 |   0.0
            +---------+---------+-------+---------+---------+-------
